 Dungeon Crawl Stone Soup version 0.31-a0-620-gd1cbd99268 (webtiles) character file.

Game seed: 7263543364660077632

86 Juicyj the Conjurer (level 4, 0/27 HPs)
             Began as an Octopode Conjurer on Aug 23, 2023.
             Was an Initiate of Ashenzari.
             Slain by an orc priest
             ... wielding a +0 dagger
              (2 damage)
             ... on level 3 of the Dungeon.
             The game lasted 00:04:31 (3193 turns).

Juicyj the Conjurer (Octopode Conjurer)             Turns: 3193, Time: 00:04:32

Health: 0/27       AC:  1    Str:  6    XL:     4   Next: 49%
Magic:  2/7        EV: 13    Int: 22    God:    Ashenzari [......]
Gold:   164        SH:  0    Dex: 10    Spells: 7/8 levels left

rFire   . . .        c - +0 dagger of the Sibylline Sphere {elec, Elem, Dev} (curse)
rCold   . . .        (no shield)
rNeg    . . .        (helmet restricted)
rPois   .            (no amulet)
rElec   .            (no ring)
rCorr   .            (no ring)
SInv    .            (no ring)
Will    .....        (no ring)
Stlth   +++          (no ring)
HPRegen 0.24/turn    (no ring)
MPRegen 0.10/turn    (no ring)
                     (no ring)

%: no passive effects
@: no status effects
A: almost no armour, amphibious, 8 rings, camouflage 1, gelatinous body 1,
(nimble swimmer 1), tentacles
a: Renounce Religion, Curse Item, Shatter the Chains


You were on level 3 of the Dungeon.
You worshipped Ashenzari.
Ashenzari was noncommittal.
You visited 1 branch of the dungeon, and saw 4 of its levels.

You collected 164 gold pieces.

Inventory:

Hand Weapons
 c - the cursed +0 dagger of the Sibylline Sphere (weapon) {elec, Elem, Dev}
   (You took it off a kobold on level 1 of the Dungeon)

   It has a curse which improves the following skills: Elements: Fire Magic, Ice
   Magic, Air Magic and Earth Magic.
   Devices:   Evocations and Shapeshifting.
 n - a +0 dagger
Jewellery
 l - a ring of flight
 m - a ring of ice
Talismans
 b - a granite talisman
Scrolls
 e - a scroll of identify
 i - a scroll of blinking
 j - a scroll of immolation {unknown}
 o - a scroll of fog {unknown}
Potions
 a - 2 potions of magic
 d - a potion of haste
 f - a potion of brilliance
 g - 2 potions of lignification
 h - a potion of resistance
 k - a potion of invisibility {unknown}


   Skills:
 + Level 2.6 Dodging
 + Level 3.8 Stealth
 + Level 2.5 Spellcasting
 + Level 4.4 Conjurations
 + Level 1.3(1.6) Shapeshifting


You had 7 spell levels left.
You knew the following spells:

 Your Spells              Type           Power      Damage    Failure   Level
a - Magic Dart            Conj           88%        1d7       1%          1

Your spell library contained the following spells:

 Spells                   Type           Power      Damage    Failure   Level
 Searing Ray              Conj           44%        2d6       3%          2
 Shock                    Conj/Air       48%        1d6       5%          1
 Static Discharge         Conj/Air       24%        2-3/arc   8%          2
 Sandblast                Erth           4%         2d4       13%         1
 Sting                    Tmut/Pois      8%         1d3       13%         1
 Dazzling Flash           Conj/Hex       24%        N/A       16%         3
 Stone Arrow              Conj/Erth      24%        3d8       16%         3
 Passwall                 Tmut/Erth      1%         N/A       21%         2
 Poisonous Vapours        Pois/Air       4%         N/A       21%         2
 Swiftness                Air            2%         N/A       36%         3
 Fulminant Prism          Conj/Hex       6%         3d7       45%         4
 Iskenderun's Mystic Bla  Conj/Tloc      12%        2d5       45%         4
 Airstrike                Air            1%         2d(1-17)  77%         4
 Olgreb's Toxic Radiance  Pois           2%         N/A       78%         4
 Summon Lightning Spire   Summ/Air       2%         N/A       78%         4


Dungeon Overview and Level Annotations

Branches:
Dungeon (4/15)
 Temple: D:4-7

Altars:
Ashenzari
Cheibriados
Okawaru
The Shining One

Shops:
D:2 (


Innate Abilities, Weirdness & Mutations

You cannot wear most types of armour.
You are amphibious.
You can wear up to eight rings at the same time.
Your skin changes colour to match your surroundings (Stealth+).
Your rubbery body absorbs attacks. (AC +1, EV +1)
((You are camouflaged when in or above water. (Stealth+)))
You have tentacles for arms and can constrict up to eight enemies at once.


Message History

The orc priest is moderately wounded.
The orc priest closely misses you. The orc barely misses you.
You closely miss the orc priest. You grab the orc priest.
The orc priest is moderately wounded.
You constrict the orc priest, but do no damage.
The orc priest hits you with a +0 dagger.
An iguana comes into view.
The orc hits you with a +0 whip.
You are too injured to fight recklessly!
You are too injured to fight recklessly!
You are too injured to fight recklessly!
You release your grip on the orc priest.
The orc priest looks braver for a moment.
The orc hits you with a +0 whip.
* * * LOW HITPOINT WARNING * * *
You climb upwards.
There is a stone staircase leading down here.
You are too injured to fight recklessly!
You are too injured to fight recklessly!
You hit the orc priest but do no damage.
Your grab misses the orc priest.
The orc priest is moderately wounded.
The orc misses you. The orc priest barely misses you.
You hit the orc priest but do no damage.
You grab the orc priest.
The orc priest is moderately wounded.
You constrict the orc priest, but do no damage.
The orc barely misses you. The orc priest misses you.
You hit the orc priest but do no damage.
You squeeze the orc priest.
The orc priest is heavily wounded.
You constrict the orc priest, but do no damage.
The orc hits you with a +0 whip.
* * * LOW HITPOINT WARNING * * *
The orc priest closely misses you.
You hit the orc priest.
The orc priest is heavily wounded.
You constrict the orc priest. The orc misses you.
The orc priest hits you with a +0 dagger.
You die...

#.#.# #..# #.# ##
######.#.###..###[# #.
..................# ##.
#####....###..##..# #.. #.....#
#......# #.. ##....###.###.## #..
##.#....(# #.# #.. #### #.#######
#o##### #.. .<.# #.# #@#...# ##.
##.###'## #o....# #. #.##...##
###...# ## #.#.....## ####.##
##### #........## ##.##.# ##..##
##....###..####.....########.#..#
.....##_##.'......#.........###..
..####...######..###.#######.#..#
###.........###.## ##.## ##..##


You could see an orc priest and an orc.

Vanquished Creatures
  An adder (D:3)
  A worm (D:2)
  3 dart slugs
  An endoplasm (D:1)
  7 giant cockroaches
  3 goblins
  6 hobgoblins
  2 jackals (D:3)
  10 kobolds
  2 quokkas (D:3)
  4 ball pythons
  7 bats
  6 frilled lizards
  11 rats
64 creatures vanquished.

Notes
Turn   | Place    | Note
-------+----------+-------------------------------------------
     0 | D:1      | Juicyj the Octopode Conjurer began the quest for the Orb.
     0 | D:1      | Reached XP level 1. HP: 11/11 MP: 3/3
   244 | D:1      | Reached XP level 2. HP: 17/17 MP: 1/5
   645 | D:1      | Found a faded altar of an unknown god.
   670 | D:1      | Prayed at the altar of an unknown god.
   670 | D:1      | Became a worshipper of Ashenzari the Shackled
   889 | D:2      | Reached XP level 3. HP: 21/21 MP: 0/6
  1384 | D:2      | Reached skill level 1 in Shapeshifting
  1507 | D:2      | Found Tyine's Weapon Shop.
  1998 | D:3      | Reached XP level 4. HP: 27/27 MP: 5/7
  2320 | D:3      | Found a snail-covered altar of Cheibriados.
  2320 | D:3      | Found a faded altar of an unknown god.
  2328 | D:3      | Found a faded altar of an unknown god.
  2330 | D:3      | Found a glowing golden altar of the Shining One.
  2332 | D:3      | Found an iron altar of Okawaru.
  3192 | D:3      | HP: 1/27 [orc/+0 whip (5)]
  3193 | D:3      | Slain by an orc priest

Illustrated notes

Levels and vault maps discovered:
D:1:      minmay_arrival_doors, layout_rooms,
          shapermc_ecumenical_altar_notcrosses
D:2:      layout_loops_ring, serial_shops, nicolae_shop_peninsula,
          dreamdust_mushroom_princess, grunt_ministairs_5
D:3:      layout_loops_corners, chequers_temple_overflow_minitemple
D:4:      layout_layer_cave, serial_rivers, chequers_serial_rivers_room_b,
          chequers_serial_rivers_micro_e, chequers_serial_rivers_room_b,
          chequers_serial_rivers_micro_e, chequers_serial_rivers_room_a,
          chequers_serial_rivers_small_3, uniq_menkaure, uniq_eustachio,
          uniq_edmund

Skill      XL: |  1  2  3 |
---------------+----------+-----
Stealth        | 3 |  3.8
Shapeshifting  | 1 |  1.3
Dodging        | |  2.6
Spellcasting   | |  2.5
Conjurations   | |  4.4

Action                     |  1- 3 |  4- 6 || total
---------------------------+-------+-------++-------
  Melee: Unarmed           |     4 |       ||     4
         Tentacles         |     6 |     5 ||    11
         Constrict         |     6 |     6 ||    12
         Punch             |     1 |       ||     1
         Dagger            |    14 |    14 ||    28
   Cast: Magic Dart        |    84 |    36 ||   120
 Invoke: Curse Item        |     1 |       ||     1
    Use: Potion            |       |     3 ||     3
         Scroll            |       |     2 ||     2
   Stab: Sleeping          |     1 |       ||     1
 Armour: Skin              |     3 |       ||     3
  Dodge: Dodged            |    19 |    11 ||    30

Table legend: (Time is in decaauts)
 A = Elapsed time spent in this place.
 B = Non-inter-level travel time spent in this place.
 C = Inter-level travel time spent in this place.
 D = Time resting spent in this place.
 E = Time spent auto-exploring this place.
 F = Levels seen in this place.
 G = Mean time per level.
                   A        B        C        D        E       F      G
               +--------+--------+--------+--------+--------+-----+--------+
         Total |   3174 |   3045 |    129 |      0 |   2707 |   4 |  793.5 |
       Dungeon |   3174 |   3045 |    129 |      0 |   2707 |   4 |  793.5 |
               +--------+--------+--------+--------+--------+-----+--------+

Top non-repeatable levels by time:
     D:3: 1318 daAuts
     D:2: 1021 daAuts
     D:1: 818 daAuts
     D:4: 15 daAuts
